 Dungeon Crawl Stone Soup version 0.23-a0-650-ga4d50d4 (webtiles) character file.

116 Borgoz the Cutter (level 5, -2/33 HPs)
             Began as a Kobold Berserker on Jan 2, 2019.
             Was a Believer of Trog.
             Slain by Grinder (6 damage)
             ... while paralysed by Grinder
             ... on level 3 of the Dungeon.
             The game lasted 00:07:57 (2407 turns).

Borgoz the Cutter (Kobold Berserker)                Turns: 2407, Time: 00:08:00

Health: -2/33      AC:  2    Str: 14    XL:     5   Next: 21%
Magic:  5/5        EV:  3    Int:  8    God:    Trog [**....]
Gold:   122        SH:  0    Dex: 16    Spells: 4/4 levels left

rFire    . . .     SeeInvis .   a - +0 short sword
rCold    . . .     Gourm    .   (shield restricted)
rNeg     + . .     Faith    .   b - +0 animal skin
rPois    +         Spirit   .   (no helmet)
rElec    .         Reflect  .   (no cloak)
rCorr    .         Harm     .   (no gloves)
MR       .....                  (no boots)
Stlth    ++........             (no amulet)
HPRegen  0.11/turn              e - ring of positive energy
MPRegen  0.09/turn              h - ring of poison resistance

@: paralysed
A: small, carnivore
a: Berserk, Trog's Hand, Renounce Religion


You were on level 3 of the Dungeon.
You worshipped Trog.
Trog was pleased with you.
You were completely stuffed.

You visited 1 branch of the dungeon, and saw 3 of its levels.

You collected 122 gold pieces.

Inventory:

Hand Weapons
 a - a +0 short sword (weapon)
Missiles
 i - a throwing net (quivered)
Armour
 b - a +0 animal skin (worn)
Jewellery
 e - a ring of positive energy (left hand)
 h - a ring of poison resistance (right hand)
Scrolls
 d - 4 scrolls of identify {unknown}
 f - a scroll of enchant armour {unknown}
 g - 4 scrolls of remove curse {unknown}
 k - a scroll of random uselessness {unknown}
Potions
 j - a potion of curing {unknown}
Comestibles
 c - 4 rations
 l - 3 chunks of flesh


   Skills:
 + Level 4.1 Fighting
 + Level 5.4 Short Blades
 + Level 1.7 Armour
 + Level 3.2 Dodging
 + Level 2.4 Stealth


You had 4 spell levels left.
You didn't know any spells.
Your spell library was empty.

Dungeon Overview and Level Annotations

Branches:
Dungeon (3/15)

Altars:
Vehumet

Annotations:
D:3 Grinder


Innate Abilities, Weirdness & Mutations

You are small and have problems with some larger weapons.
You are carnivorous and can eat meat at any time.


Message History

Grinder closely misses you.
You hit Grinder.
Grinder is heavily wounded.
Grinder misses you.
You completely miss Grinder.
Grinder is heavily wounded.
Grinder says, "Don't move a muscle."
Grinder gestures at you.
You suddenly lose the ability to move!
Grinder says, "DUCK!"
Grinder gestures at you. You resist with significant effort.
Grinder gestures at you. You resist with significant effort. Grinder hits you!
* * * LOW HITPOINT WARNING * * *
You writhe in agony.
* * * LOW HITPOINT WARNING * * *
Grinder hits you.
You die...

#...#.# ##+## #.....#
##...## #..##)#
##.....## #..##.#
##.......## ##>.##.#
#.........####.......
+.........'..........
#..5......####...#.##
##..@....## ##.##.#
##.....## ####.#
##...## #.# ##+## #.#
#.# #.


You could see Grinder.

Vanquished Creatures
  5 adders (D:2)
  An ooze (D:1)
  3 dart slugs
  2 leopard geckos (D:2)
  A ball python (D:1)
  5 giant cockroaches
  8 goblins
  8 hobgoblins
  A quokka (D:2)
  10 bats
  4 frilled lizards
  6 kobolds
  5 rats
59 creatures vanquished.

Notes
Turn   | Place    | Note
-------+----------+-------------------------------------------
     0 | D:1      | Borgoz the Kobold Berserker began the quest for the Orb.
     0 | D:1      | Reached XP level 1. HP: 14/14 MP: 1/1
   110 | D:1      | Reached XP level 2. HP: 8/19 MP: 2/2
   631 | D:1      | Reached XP level 3. HP: 21/24 MP: 3/3
   942 | D:2      | Reached ** piety under Trog
   993 | D:2      | HP: 1/24 [quokka (4)]
  1302 | D:2      | Found a radiant altar of Vehumet.
  1316 | D:2      | Reached skill level 1 in Stealth
  1316 | D:2      | Reached XP level 4. HP: 18/29 MP: 4/4
  1478 | D:2      | Reached skill level 5 in Short Blades
  1635 | D:2      | Reached XP level 5. HP: 3/33 MP: 5/5
  2367 | D:3      | Noticed Grinder
  2403 | D:3      | Paralysed by Grinder for 7 turns
  2407 | D:3      | Slain by Grinder

Vault maps used:
D:1:      scummos_arrival_simple_fountains, minmay_tetromino_i4
D:2:      vehumet_crystals, serial_bayou_ford_a, minmay_misc_feat_x
D:3:      nicolae_overflow_hidden_temple, first_ration, uniq_grinder

Skill      XL: |  1  2  3  4 |
---------------+-------------+-----
Fighting       | 4 |  4.1
Stealth        | 1 2 |  2.4
Short Blades   | 5 |  5.4
Dodging        | 3 |  3.2
Armour         | |  1.7

Action                   |  1- 3 |  4- 6 || total
-------------------------+-------+-------++-------
Melee: Short sword       |   116 |   155 ||   271
  Use: Potion            |     1 |       ||     1
 Stab: Sleeping          |     1 |     1 ||     2
  Eat: Chunk             |     9 |     4 ||    13
Armor: Animal skin       |    19 |    17 ||    36
Dodge: Dodged            |    78 |   116 ||   194

Table legend:
 A = Non-vault XP
 B = Vault XP
 C = Vault XP percentage of total XP
 D = Non-vault monster count
 E = Vault monster count
 F = Vault count percentage of total count
                 A         B        C        D         E       F
            +---------+---------+-------+---------+---------+-------
      Total |     163 |       4 |   2.4 |      57 |       2 |   3.4
            +---------+---------+-------+---------+---------+-------
        D:1 |      41 |       4 |   8.9 |      22 |       2 |   8.3
        D:2 |     109 |       0 |   0.0 |      29 |       0 |   0.0
        D:3 |      13 |       0 |   0.0 |       6 |       0 |   0.0
            +---------+---------+-------+---------+---------+-------
